[Event "Team 45 45 League T67"]
[Site "Internet Chess Club"]
[Date "2016.01.18"]
[Round "6"]
[White "MikeTtheGuru"]
[Black "jonesey"]
[Result "0-1"]
[WhiteElo "2013"]
[BlackElo "2015"]
[Opening "English: closed system"]
[ECO "A10"]
[Time "18:01:27"]
[TimeControl "2700+45"]

1. c4 g6 2. Nc3 Bg7 3. g3 d6 4. Bg2 e5 5. d3 Nc6 6. Rb1 f5 7. b4 Nf6 8. b5 Nd4
9. Nf3 Nxf3+ 10. Bxf3 O-O 11. O-O Kh8 12. Bg2 h6 13. f4 exf4 14. gxf4 Ng4 15.
Nd5 Be6 16. Kh1 Bxd5 17. Bxd5 Qh4 {White resigns} 0-1

[Event "Team 45 45 League T67"]
[Site "Internet Chess Club"]
[Date "2016.01.18"]
[Round "6"]
[White "fledermaus"]
[Black "jjimalo"]
[Result "1-0"]
[WhiteElo "1942"]
[BlackElo "1841"]
[Opening "English: Queens Indian, Romanishin variation"]
[ECO "A05"]
[Time "14:00:52"]
[TimeControl "2700+45"]

1. Nf3 Nf6 2. c4 e6 3. Nc3 b6 4. e4 Bb7 5. Bd3 d5 6. cxd5 exd5 7. e5 Ne4 8. Qe2
Nxc3 9. dxc3 Be7 10. O-O O-O 11. Nd4 g6 12. f4 c5 13. Nf5 Nd7 14. Nh6+ Kh8 15.
f5 Bg5 16. fxg6 Bxh6 17. Bxh6 hxg6 18. Bxf8 {Black resigns} 1-0

[Event "Team 45 45 League T67"]
[Site "Internet Chess Club"]
[Date "2016.01.17"]
[Round "6"]
[White "parrot9"]
[Black "pishd"]
[Result "0-1"]
[WhiteElo "1685"]
[BlackElo "1890"]
[Opening "French: Rubinstein variation"]
[ECO "C03"]
[Time "09:06:54"]
[TimeControl "2700+45"]

1. e4 e6 2. d4 d5 3. Nd2 dxe4 4. Nxe4 Nd7 5. Nf3 Ngf6 6. Nxf6+ Nxf6 7. Bd3 c5 8.
c3 cxd4 9. Nxd4 Bc5 10. O-O Bxd4 11. cxd4 Bd7 12. Bg5 Bc6 13. Be2 Qd5 14. Bf3
Qxg5 15. Bxc6+ bxc6 {White resigns} 0-1

[Event "Team 45 45 League T67"]
[Site "Internet Chess Club"]
[Date "2016.01.15"]
[Round "6"]
[White "jerryicc"]
[Black "chess09"]
[Result "0-1"]
[WhiteElo "1889"]
[BlackElo "1872"]
[Opening "Sicilian: Boleslavsky variation, 7.Nb3"]
[ECO "B59"]
[Time "22:30:18"]
[TimeControl "2700+45"]

1. e4 c5 2. Nf3 d6 3. d4 cxd4 4. Nxd4 Nf6 5. Nc3 Nc6 6. Be2 e5 7. Nb3 Be6 8. O-O
Be7 9. Be3 O-O 10. f3 d5 11. Qd2 d4 12. Bf2 dxc3 13. Qxc3 Bxb3 14. Qxb3 Nd4 15.
Bxd4 Qxd4+ 16. Kh1 b6 17. Rad1 Qc5 18. c3 Rfd8 19. Bc4 Rxd1 20. Rxd1 Rf8 {White
resigns} 0-1

[Event "Team 45 45 League T67"]
[Site "Internet Chess Club"]
[Date "2016.01.24"]
[Round "6"]
[White "cayo89"]
[Black "SAC2001"]
[Result "1-0"]
[WhiteElo "1683"]
[BlackElo "1900"]
[Opening "Scotch gambit: Dubois-Réti defense"]
[ECO "C55"]
[Time "11:30:35"]
[TimeControl "2700+45"]

1. e4 e5 2. Nf3 Nc6 3. d4 exd4 4. Bc4 Nf6 5. e5 d5 6. Bb5 Ne4 7. Nxd4 Bd7 8.
Bxc6 bxc6 9. Be3 Bc5 10. O-O Qe7 11. Bf4 O-O 12. Nc3 Nxc3 13. bxc3 Bb6 14. Qd3
c5 15. Nf3 c6 16. Rfe1 c4 17. Qd2 h6 18. h3 Bf5 19. Nd4 Qd7 20. g4 Be6 21. Kg2
c5 22. Nf3 h5 23. Ng5 hxg4 24. h4 d4 25. Kg3 Qd5 26. Rad1 Rad8 27. Qe2 Qc6 28.
Nxe6 Qxe6 29. Qxg4 Qxg4+ 30. Kxg4 dxc3 31. Be3 Rfe8 32. f4 Rxd1 33. Rxd1 f6 34.
Rd5 fxe5 35. fxe5 Bc7 36. Kf5 Rb8 37. Rd7 Bb6 38. e6 Rf8+ 39. Ke5 Rf3 40. Ke4
Rf6 41. Ke5 Rf3 42. Bg5 Kf8 43. Rb7 g6 44. Rb8+ Kg7 45. e7 Bc7+ 46. Ke4 {Black
resigns} 1-0

[Event "Team 45 45 League T67"]
[Site "Internet Chess Club"]
[Date "2016.01.23"]
[Round "6"]
[White "AH2012"]
[Black "Yedixon"]
[Result "1-0"]
[WhiteElo "1732"]
[BlackElo "1633"]
[Opening "Petrov three knights game"]
[ECO "C42"]
[Time "18:06:58"]
[TimeControl "2700+45"]

1. e4 e5 2. Nf3 Nf6 3. Nc3 Bb4 4. Nxe5 Qe7 5. Nf3 Bxc3 6. dxc3 Nxe4 7. Be3 c6 8.
Qd4 O-O 9. Bd3 d5 10. c4 Qb4+ 11. Kf1 Be6 12. cxd5 Qxd4 13. Nxd4 cxd5 14. c4 Nf6
15. cxd5 Bxd5 16. Nb5 Nbd7 17. Nxa7 Ne5 18. Be2 Nc4 19. Bd4 Rfe8 20. Nb5 Nd2+
21. Ke1 Nf3+ 22. gxf3 Bxf3 23. Rg1 Rxe2+ 24. Kf1 Ng4 25. Rg3 Rae8 26. h3 Nh2+
27. Kg1 Re1+ 28. Kxh2 Rxa1 29. Rxf3 Ree1 30. Rg3 g6 31. Rc3 h5 32. Rc8+ {Black
resigns} 1-0

[Event "Team 45 45 League T67"]
[Site "Internet Chess Club"]
[Date "2016.01.18"]
[Round "6"]
[White "Schachteufel"]
[Black "anishio"]
[Result "0-1"]
[WhiteElo "1615"]
[BlackElo "1752"]
[Opening "Ruy Lopez: 5.O-O"]
[ECO "C78"]
[Time "11:00:17"]
[TimeControl "2700+45"]

1. e4 e5 2. Nf3 Nc6 3. Bb5 a6 4. Ba4 Nf6 5. O-O b5 6. Bb3 Bc5 7. a4 Bb7 8. d3 d6
9. Nc3 h6 10. axb5 axb5 11. Rxa8 Qxa8 12. Nxb5 Qa5 13. Nc3 O-O 14. Bd2 Bb4 15.
Nd5 Nxd5 16. Bxd5 Bxd2 17. Qxd2 Ra8 18. Qxa5 Rxa5 19. Nd2 Rb5 20. Nb3 Nb4 21.
Bxb7 Rxb7 22. Na1 Ra7 23. f3 Ra2 24. Rb1 Kf8 25. Kf2 Ke7 26. Ke3 Rxa1 27. Rxa1
Nxc2+ 28. Kd2 Nxa1 29. b4 Nb3+ 30. Kc3 Nd4 31. Kc4 c6 32. h3 Kd7 33. Kc3 Ne2+
34. Kc4 Nf4 35. b5 cxb5+ 36. Kxb5 Nxd3 {White resigns} 0-1

[Event "Team 45 45 League T67"]
[Site "Internet Chess Club"]
[Date "2016.01.14"]
[Round "6"]
[White "fishhead"]
[Black "Bluecat"]
[Result "1/2-1/2"]
[WhiteElo "1792"]
[BlackElo "1862"]
[Opening "Sicilian: Kan variation"]
[ECO "B41"]
[Time "14:00:21"]
[TimeControl "2700+45"]

1. e4 c5 2. Nf3 e6 3. d4 cxd4 4. Nxd4 a6 5. Be2 Qc7 6. O-O Nf6 7. Bf3 Be7 8. Qe2
Nc6 9. Nxc6 dxc6 10. e5 Nd7 11. Re1 O-O 12. Bg4 b5 13. Bf4 Bb7 14. Nd2 Nb6 15.
c4 Rfd8 16. a3 Rd7 17. cxb5 axb5 18. Rac1 Rad8 19. Rc2 Nd5 20. Bg3 Qa5 21. Nb3
Qa4 22. Nc5 Bxc5 23. Rxc5 Qd4 24. Rec1 Nf4 25. Bxf4 Qxf4 26. g3 Qg5 27. h4 Qd2
28. R1c2 Qxe2 29. Bxe2 Rd2 30. Bf3 Kf8 31. Bxc6 Rxc2 32. Rxc2 Bxc6 33. Rxc6 Rd5
34. f4 Rd1+ 35. Kf2 Rd2+ {Game drawn by mutual agreement} 1/2-1/2

[Event "Team 45 45 League T67"]
[Site "Internet Chess Club"]
[Date "2016.01.17"]
[Round "6"]
[White "roji"]
[Black "xt"]
[Result "0-1"]
[WhiteElo "1793"]
[BlackElo "1812"]
[Opening "English: ultra-symmetrical variation"]
[ECO "A36"]
[Time "18:35:34"]
[TimeControl "2700+45"]

1. c4 c5 2. g3 g6 3. Nc3 Bg7 4. Bg2 Nc6 5. d3 d6 6. Nf3 Nh6 7. O-O Nf5 8. Bd2
O-O 9. a3 Bd7 10. Rb1 e6 11. b4 Rb8 12. b5 Ne5 13. Ne1 Ne7 14. e4 f5 15. f4 Nf7
16. Nf3 a6 17. a4 axb5 18. axb5 Ra8 19. Ne2 Qc7 20. Bc3 e5 21. Qb3 Nc8 22. Ra1
Nb6 23. Rxa8 Rxa8 24. Ra1 Rxa1+ 25. Bxa1 fxe4 26. dxe4 Qb8 27. Qa2 Qa8 28. Qxa8+
Nxa8 29. fxe5 Be6 30. Nd2 g5 31. Nc1 Bxe5 32. Bxe5 Nxe5 33. Ncb3 Bxc4 34. Nxc4
Nxc4 35. e5 Nxe5 36. Bxb7 Nb6 37. Kf2 Kf7 38. h3 Ke6 39. Nd2 d5 40. h4 gxh4 41.
gxh4 Kd6 42. h5 c4 43. Ke3 Kc5 44. Nb1 d4+ 45. Kd2 Kxb5 46. h6 Nbd7 47. Na3+ Kc5
48. Be4 Nf6 49. Bf5 d3 50. Be6 Ne4+ 51. Kc1 d2+ 52. Kc2 c3 53. Nb1 Nf3 54. Bg4
Ne1+ 55. Kb3 c2 56. Nxd2 Nxd2+ 57. Kb2 Nb3 {White resigns} 0-1

[Event "Team 45 45 League T67"]
[Site "Internet Chess Club"]
[Date "2016.01.19"]
[Round "6"]
[White "Goli"]
[Black "NAS"]
[Result "0-1"]
[WhiteElo "1704"]
[BlackElo "1720"]
[Opening "Sicilian: Alapin's variation (2.c3)"]
[ECO "B22"]
[Time "15:03:23"]
[TimeControl "2700+45"]

1. e4 c5 2. c3 d5 3. exd5 Qxd5 4. d4 Nf6 5. Nf3 e6 6. Be2 Nc6 7. O-O Be7 8. Na3
cxd4 9. Nb5 Qd8 10. Nbxd4 Nxd4 11. Nxd4 O-O 12. Bf3 e5 13. Nb3 Qc7 14. Qc2 Be6
15. Bg5 Rad8 16. Rad1 b6 17. Rfe1 Rfe8 18. Nd2 Ng4 19. Bxe7 Qxe7 20. h3 Nh6 21.
Rxe5 Qf6 22. Rh5 Bf5 23. Qa4 Bg6 24. Rh4 b5 25. Qf4 Qxf4 26. Rxf4 Bc2 27. Rc1
Rxd2 28. Bc6 Rb8 29. c4 bxc4 30. Rxc4 Rd1+ 31. Rxd1 Bxd1 32. Rd4 Be2 33. b3 Kf8
34. Rd7 a6 35. Ra7 Rb6 36. Bd5 Rd6 37. Bb7 f6 38. Be4 f5 39. Bb7 Nf7 40. g3 Nd8
41. Bc8 Bd3 42. g4 f4 43. Ra8 Be4 {White resigns} 0-1

[Event "Team 45 45 League T67"]
[Site "Internet Chess Club"]
[Date "2016.01.16"]
[Round "6"]
[White "QuieroAprender"]
[Black "Duguesclin"]
[Result "1-0"]
[WhiteElo "1670"]
[BlackElo "1553"]
[Opening "Sicilian defense"]
[ECO "B40"]
[Time "13:04:29"]
[TimeControl "2700+45"]

1. e4 e6 2. Nf3 c5 3. b4 cxb4 4. d4 d5 5. e5 Nc6 6. a3 Qb6 7. Bd3 Bd7 8. Be2 f6
9. axb4 Bxb4+ 10. c3 Be7 11. Bd3 fxe5 12. dxe5 Bc5 13. O-O Nge7 14. c4 O-O-O 15.
cxd5 exd5 16. Nc3 Nb4 17. Be2 Rhf8 18. Na4 Bxa4 19. Qxa4 h6 20. Bd2 Nec6 21.
Rfc1 Bxf2+ 22. Kf1 Kb8 23. Rab1 Bc5 24. Bxb4 Nxb4 25. Rxc5 Qxc5 26. Qxb4 Qxb4
27. Rxb4 g5 28. Ke1 Rc8 29. Rb5 Rfd8 30. Nd4 a6 31. Ra5 Ka7 32. Ra1 Re8 33. Nb5+
Kb6 34. Nd6 Rxe5 35. Nxc8+ Kc7 36. Rc1+ Kb8 37. Nb6 Ka7 38. Nd7 Re7 39. Nf6 d4
40. Kd2 b5 41. Ra1 Re6 42. Nd5 Kb7 43. Bf3 Kc8 44. Bg4 Kd7 45. Rxa6 {Black
resigns} 1-0

[Event "Team 45 45 League T67"]
[Site "Internet Chess Club"]
[Date "2016.01.15"]
[Round "6"]
[White "ChessRooklift"]
[Black "GreyWarden"]
[Result "0-1"]
[WhiteElo "1841"]
[BlackElo "2001"]
[Opening "Nimzovich-Larsen attack: modern variation"]
[ECO "A01"]
[Time "14:00:37"]
[TimeControl "2700+45"]

1. b3 e5 2. Bb2 Nc6 3. e3 Nf6 4. Be2 d5 5. Nf3 Bd6 6. d3 O-O 7. Nbd2 Re8 8. c4
Bg4 9. Rc1 Qe7 10. Qc2 Nb4 11. Qb1 e4 12. dxe4 dxe4 13. Nd4 Bxe2 14. Kxe2 Nd3
15. Rcf1 Nxb2 16. Qxb2 Be5 17. Qc1 Bxd4 18. exd4 e3 19. fxe3 Qxe3+ 20. Kd1 Qxd4
21. Kc2 Rad8 22. Nf3 Re2+ 23. Kb1 Qe4+ 24. Ka1 Rxg2 25. Rd1 Re8 26. Rhf1 Qe2 27.
Qb1 Rf2 28. Rxf2 Qxf2 29. Qd3 h6 30. Rd2 Qe3 31. Qxe3 Rxe3 32. Nd4 Ne4 33. Rg2
c6 34. Nf5 Re1+ 35. Kb2 Ng5 36. h4 Re5 37. Nd6 Nf3 38. Rg4 Rh5 39. Rf4 Ne5 40.
Kc3 b6 41. Nc8 Ng6 42. Rd4 c5 43. Rd8+ Kh7 44. Rd7 Ne5 45. Rxa7 f5 46. Nxb6 f4
47. Kd2 f3 48. Ke3 Rf5 49. Ke4 f2 50. Kxf5 f1=Q+ 51. Kxe5 Qf6+ 52. Kd5 Qxb6 53.
Rd7 Qa5 54. Rb7 Qa8 55. Kc6 Kg6 56. Kb6 Qc8 57. a4 Kf6 58. a5 Qd8+ 59. Kxc5
Qxa5+ 60. Kc6 g5 61. hxg5+ hxg5 62. Rb6 g4 63. c5 g3 64. Kb7+ Kf7 65. b4 Qa2 66.
c6 Qd5 67. Kb8 Qd6+ 68. Ka7 g2 69. Rb7+ Kf6 70. b5 g1=Q+ {White resigns} 0-1

[Event "Team 45 45 League T67"]
[Site "Internet Chess Club"]
[Date "2016.01.13"]
[Round "6"]
[White "EndgamesMaster"]
[Black "laurenpar"]
[Result "1-0"]
[WhiteElo "2263"]
[BlackElo "1953"]
[Opening "French: Tarrasch, Guimard main line"]
[ECO "C04"]
[Time "20:52:52"]
[TimeControl "2700+45"]

1. e4 e6 2. d4 d5 3. Nd2 Nc6 4. Ngf3 Nf6 5. e5 Nd7 6. Nb3 a5 7. a4 b6 8. Bb5 Na7
9. Be2 c5 10. c3 Be7 11. O-O f6 12. exf6 O-O {Black resigns} 1-0

[Event "Team 45 45 League T67"]
[Site "Internet Chess Club"]
[Date "2016.01.17"]
[Round "6"]
[White "gera-carp75"]
[Black "kidcobra"]
[Result "0-1"]
[WhiteElo "1833"]
[BlackElo "1876"]
[Opening "Pirc defense"]
[ECO "B07"]
[Time "19:09:50"]
[TimeControl "2700+45"]

1. e4 d6 2. d4 Nf6 3. Nc3 g6 4. Be3 Bg7 5. Qd2 c6 6. h3 Qa5 7. Bd3 Nbd7 8. Nf3
e5 9. O-O O-O 10. a4 c5 11. dxe5 dxe5 12. Rfd1 b6 13. Bh6 Qb4 14. Rdb1 c4 15.
Bxg7 Kxg7 16. Bf1 Bb7 17. Qe3 Rac8 18. Nd2 Ba6 19. Nb5 Bxb5 20. axb5 Rc7 21. c3
Qxb5 22. b3 Qc5 23. Qxc5 Nxc5 24. Nxc4 Ncxe4 25. Nxe5 Nxc3 26. Rc1 Rfc8 27. Nc4
Nfd5 28. Kh2 Ne4 29. Re1 Nef6 30. Nd6 Rd8 31. Nb5 Rc2 32. Rxa7 Rxf2 33. Bc4 Nh5
34. Nd4 Ndf4 35. Rxf7+ Kh6 36. Rxf4 Nxf4 37. Kg3 Rxg2+ 38. Kxf4 Rxd4+ 39. Kf3
Rc2 40. Re6 Rc3+ 41. Ke2 Rxh3 42. Rxb6 Kh5 43. Rb7 h6 44. Rb5+ g5 45. Rb6 Re4+
46. Kd2 g4 47. Bf7+ Kg5 48. Rg6+ Kf5 49. Rb6 Re5 50. Bg6+ Kg5 51. Bf7 g3 52.
Rg6+ Kf5 53. Rg8 Kf6 54. Be8 Rh2+ 55. Kd3 Rg5 {White resigns} 0-1

[Event "Team 45 45 League T67"]
[Site "Internet Chess Club"]
[Date "2016.01.23"]
[Round "6"]
[White "Jack-ONeill"]
[Black "SlimeDog2"]
[Result "1/2-1/2"]
[WhiteElo "2025"]
[BlackElo "1996"]
[Opening "Neo-Grünfeld, 6.O-O c6"]
[ECO "D78"]
[Time "14:05:32"]
[TimeControl "2700+45"]

1. d4 Nf6 2. Nf3 g6 3. g3 Bg7 4. Bg2 d5 5. O-O O-O 6. c4 c6 7. Qb3 a6 8. Nc3
dxc4 9. Qxc4 b5 10. Qd3 Bb7 11. Rd1 Nbd7 12. Bf4 c5 13. dxc5 Nxc5 14. Qe3 Qb6
15. Qxe7 Rfe8 16. Qd6 Qxd6 17. Bxd6 Nfe4 18. Bxc5 Nxc5 19. Nd4 Bxg2 20. Kxg2 b4
21. Nd5 Bxd4 22. Rxd4 Rxe2 23. Rc1 Na4 24. b3 Nc3 25. Nxc3 bxc3 26. Rxc3 Rxa2
27. Rd7 Ra5 28. Rf3 Rf8 29. Rf6 Kg7 30. Rdd6 Rb8 31. Rxa6 Rxa6 32. Rxa6 Rxb3
{Game drawn by mutual agreement} 1/2-1/2

[Event "Team 45 45 League T67"]
[Site "Internet Chess Club"]
[Date "2016.01.16"]
[Round "6"]
[White "ArturitoGalacti"]
[Black "Ptzz"]
[Result "1/2-1/2"]
[WhiteElo "1893"]
[BlackElo "2041"]
[Opening "Caro-Kann: Panov-Botvinnik attack"]
[ECO "B13"]
[Time "14:01:16"]
[TimeControl "2700+45"]

1. c4 c6 2. e4 d5 3. exd5 cxd5 4. d4 Nf6 5. Nc3 Nc6 6. Nf3 Bg4 7. cxd5 Nxd5 8.
Qb3 Bxf3 9. gxf3 Nb6 10. d5 Nd4 11. Bb5+ Nd7 12. Qa4 Nxb5 13. Qxb5 g6 14. Bg5 h6
15. Bh4 Bg7 16. d6 g5 17. Bg3 O-O 18. O-O Nb6 19. Rad1 exd6 20. Bxd6 Re8 21. Bf8
Qf6 22. Bxg7 Kxg7 23. Kg2 Re5 24. Qb3 Qf4 25. Nd5 Nxd5 26. Rxd5 Rae8 27. Rfd1 g4
28. fxg4 Re2 29. Qc3+ Kg8 30. Qf3 Qxf3+ 31. Kxf3 Rxb2 32. R1d2 Rxd2 33. Rxd2 Re6
34. Rb2 b6 35. Rd2 Re5 36. Kf4 Ra5 37. Ke3 Kg7 38. f4 Kg6 39. Rd6+ f6 40. Rd2
{Game drawn by mutual agreement} 1/2-1/2

[Event "Team 45 45 League T67"]
[Site "Internet Chess Club"]
[Date "2016.01.19"]
[Round "6"]
[White "Holgate"]
[Black "cysk"]
[Result "1-0"]
[WhiteElo "2028"]
[BlackElo "1802"]
[Opening "Scandinavian: Pytel-Wade variation"]
[ECO "B01"]
[Time "17:16:18"]
[TimeControl "2700+45"]

1. e4 d5 2. exd5 Qxd5 3. Nc3 Qd6 4. d4 Nf6 5. Nf3 a6 6. g3 Bg4 7. Bg2 c6 8. O-O
e6 9. h3 Bxf3 10. Bxf3 Be7 11. Na4 Nbd7 12. c4 O-O 13. b3 b5 14. Nc3 Rad8 15. a4
bxc4 16. bxc4 c5 17. Ba3 Qc7 18. Qe2 Bd6 19. d5 Rfe8 20. Qc2 Ne5 21. Be2 Ng6 22.
Bf3 Be5 23. Rab1 exd5 24. Nxd5 Nxd5 25. Bxd5 Ne7 26. Bg2 Rb8 27. Rfd1 Bd4 28.
Bb2 Bxb2 29. Rxb2 Rxb2 30. Qxb2 Nc6 31. Rd5 h6 32. Rxc5 Re6 33. Qc2 Qd7 34. Bxc6
Rxc6 35. Rxc6 Qxc6 36. c5 Kf8 37. Qc4 Ke7 38. Qb4 Kd7 39. Qd4+ {Black resigns}
1-0

[Event "Team 45 45 League T67"]
[Site "Internet Chess Club"]
[Date "2016.01.18"]
[Round "6"]
[White "sockbuf"]
[Black "Tobiasdelmonte"]
[Result "1/2-1/2"]
[WhiteElo "1804"]
[BlackElo "1814"]
[Opening "QGD: Tarrasch, Prague variation, 9.Bg5"]
[ECO "D34"]
[Time "20:20:50"]
[TimeControl "2700+45"]

1. d4 d5 2. c4 e6 3. Nc3 c5 4. cxd5 exd5 5. Nf3 Nc6 6. g3 Nf6 7. Bg2 Be7 8. O-O
O-O 9. Bg5 c4 10. Ne5 Be6 11. b3 Qa5 12. Qd2 Bb4 13. Nxc6 bxc6 14. Bxf6 gxf6 15.
Rfc1 cxb3 16. axb3 Bxc3 17. Qxc3 Qxc3 18. Rxc3 Rfc8 19. Ra6 Bd7 20. e4 dxe4 21.
Bxe4 Rd8 22. Bxc6 Bxc6 23. Raxc6 Rxd4 24. Rxf6 Rd1+ 25. Kg2 Rb1 26. Rc7 Rf8 27.
Rb7 a5 28. Ra6 Ra1 29. Rb5 Rc8 30. Rbxa5 Rb1 31. Ra8 Rxa8 32. Rxa8+ Kg7 33. Rb8
Rb2 34. b4 Rb3 35. b5 h6 36. h4 Kh7 37. b6 h5 38. b7 Kg7 39. f3 Kh7 40. Kh3 Rb4
41. g4 hxg4+ 42. fxg4 Rb3+ 43. Kg2 Kg7 44. h5 Kh7 45. g5 Rb5 46. Kf3 Kg7 47. g6
fxg6 48. hxg6 Rb4 49. Ke3 Rb6 50. Kd4 Rb1 51. Kd5 Rd1+ 52. Kc4 Rc1+ 53. Kd3 Rb1
54. Kc2 Rb6 55. Kc3 Rb1 56. Kc2 Rb6 57. Kc3 Rb1 58. Kc2 Rb6 59. Kc3 {Game drawn
by repetition} 1/2-1/2

[Event "Team 45 45 League T67"]
[Site "Internet Chess Club"]
[Date "2016.01.16"]
[Round "6"]
[White "jjmolina"]
[Black "HumanTornado"]
[Result "1/2-1/2"]
[WhiteElo "1827"]
[BlackElo "1919"]
[Opening "Giuoco Pianissimo: Italian four knights variation"]
[ECO "C55"]
[Time "10:30:23"]
[TimeControl "2700+45"]

1. e4 e5 2. Nf3 Nc6 3. Bc4 Nf6 4. d3 Bc5 5. Nc3 O-O 6. O-O d6 7. h3 Na5 8. Bb3
Nxb3 9. axb3 h6 10. Na4 Re8 11. Nxc5 dxc5 12. Be3 b6 13. Ra2 Nd7 14. Nd2 Nb8 15.
f4 exf4 16. Rxf4 Nc6 17. Rf2 {Game drawn by mutual agreement} 1/2-1/2

[Event "Team 45 45 League T67"]
[Site "Internet Chess Club"]
[Date "2016.01.19"]
[Round "6"]
[White "ivanson"]
[Black "chess09"]
[Result "0-1"]
[WhiteElo "1778"]
[BlackElo "1884"]
[Opening "Sicilian: Alapin's variation (2.c3)"]
[ECO "B22"]
[Time "18:03:18"]
[TimeControl "2700+45"]

1. e4 c5 2. c3 d5 3. exd5 Qxd5 4. d4 Nc6 5. Nf3 e6 6. Be3 cxd4 7. cxd4 Nf6 8.
Nc3 Qd8 9. a3 Be7 10. Bd3 O-O 11. O-O a6 12. Qe2 b5 13. Rad1 Bb7 14. Bb1 Na5 15.
Rfe1 Rc8 16. Bg5 Nd5 17. Bxe7 Qxe7 18. Qd3 g6 19. Ne4 Nc4 20. Qb3 Ndb6 21. Ne5
Bd5 22. Qg3 Nxb2 23. Rc1 N2c4 24. Nxc4 Nxc4 25. Nc5 Rc6 26. Be4 Bxe4 27. Nxe4
Rfc8 28. d5 exd5 29. Ng5 Nd2 30. Rcd1 Ne4 31. Nxe4 dxe4 32. Qe3 f5 33. Qb3+ Qe6
34. Qxe6+ Rxe6 {White resigns} 0-1

[Event "Team 45 45 League T67"]
[Site "Internet Chess Club"]
[Date "2016.01.14"]
[Round "6"]
[White "tightfist"]
[Black "Schachteufel"]
[Result "1-0"]
[WhiteElo "1692"]
[BlackElo "1626"]
[Opening "Réti opening"]
[ECO "A30"]
[Time "12:00:25"]
[TimeControl "2700+45"]

1. Nf3 c5 2. c4 Nc6 3. e3 Nf6 4. d4 cxd4 5. exd4 d5 6. cxd5 Nxd5 7. Nc3 g6 8.
Bc4 Nb6 9. Bb5 Bd7 10. O-O Bg7 11. Be3 O-O 12. h3 Nb4 13. a3 N4d5 14. Bxd7 Qxd7
15. Nxd5 Qxd5 16. Rc1 Rac8 17. Rc5 Qd7 18. Ne5 Qa4 19. Qxa4 Nxa4 20. Ra5 Nxb2
21. Rxa7 Nc4 22. Nxc4 Rxc4 23. Rxb7 e6 24. Rb4 Rc3 25. Ra1 Ra8 26. a4 Bf8 27.
Rb5 Rc4 28. a5 Bb4 29. Ra4 {Black resigns} 1-0

[Event "Team 45 45 League T67"]
[Site "Internet Chess Club"]
[Date "2016.01.21"]
[Round "6"]
[White "Setne"]
[Black "Intemperate"]
[Result "0-1"]
[WhiteElo "2247"]
[BlackElo "2161"]
[Opening "Queen's pawn: English defense"]
[ECO "A40"]
[Time "10:08:23"]
[TimeControl "2700+45"]

1. d4 b6 2. e4 c5 3. c3 Bb7 4. Nd2 cxd4 5. cxd4 Nf6 6. Bd3 Nc6 7. Ne2 g6 8. O-O
Bg7 9. a3 O-O 10. b4 a6 11. Bb2 d6 12. Rc1 b5 13. Nb3 e6 14. h3 Nd7 15. Bc3 Rc8
16. Bd2 Qe7 17. Be3 f5 18. Qd2 fxe4 19. Bxe4 Nxd4 20. Rxc8 Nxe2+ 21. Qxe2 Bxc8
22. Na5 Ne5 23. f4 Nc4 24. Nxc4 bxc4 25. Rc1 c3 26. Qd3 d5 27. Bf3 Qc7 28. Bd4
Qxf4 29. Be3 Qf5 30. Qd1 Bb7 31. Bd4 Bxd4+ 32. Qxd4 c2 33. Qb6 Rf7 34. Qc5 d4
35. Qxf5 gxf5 36. Rxc2 Be4 37. Rc8+ Kg7 38. Rd8 e5 39. Rd6 Bc2 40. Be2 Rf6 41.
Rxf6 Kxf6 42. Bxa6 d3 43. Kf2 d2 44. Be2 d1=N+ 45. Bxd1 Bxd1 46. Ke3 Ke6 47. Kd3
Kd5 {White resigns} 0-1

[Event "Team 45 45 League T67"]
[Site "Internet Chess Club"]
[Date "2016.01.17"]
[Round "6"]
[White "NFork"]
[Black "SlowFox"]
[Result "1-0"]
[WhiteElo "2124"]
[BlackElo "2086"]
[Opening "French: Tarrasch, closed variation"]
[ECO "C05"]
[Time "04:02:25"]
[TimeControl "2700+45"]

1. e4 e6 2. d4 d5 3. Nd2 Nf6 4. e5 Nfd7 5. Bd3 c5 6. c3 Nc6 7. Ndf3 cxd4 8. cxd4
f6 9. exf6 Nxf6 10. Ne2 Bd6 11. O-O O-O 12. Bf4 Bxf4 13. Nxf4 Qd6 14. g3 e5 15.
dxe5 Nxe5 16. Nxe5 Qxe5 17. Qb3 Kh8 18. Rad1 Bg4 19. f3 Bc8 20. Rfe1 Qd6 21. Bf1
Qc5+ 22. Qe3 Qa5 23. a3 Bd7 24. b4 Qb6 25. Qxb6 axb6 26. Re3 Ba4 27. Rd2 Rfd8
28. Ne6 Rd7 29. Nd4 Rc8 30. Kf2 Rc1 31. Bb5 Bxb5 32. Nxb5 Kg8 33. Red3 Kf7 34.
Nc3 Ke6 35. Ne2 Ra1 36. Nf4+ Ke7 37. g4 h6 38. h4 g5 39. hxg5 hxg5 40. Nxd5+
Nxd5 41. Rxd5 Rxd5 42. Rxd5 Kf6 43. Rd6+ Ke5 44. Rg6 Rxa3 45. Rxg5+ Kd4 46. Rf5
Kc4 47. Rf4+ Kb5 48. g5 {Black resigns} 1-0

[Event "Team 45 45 League T67"]
[Site "Internet Chess Club"]
[Date "2016.01.17"]
[Round "6"]
[White "allaboutthegyro"]
[Black "spand42"]
[Result "1-0"]
[WhiteElo "2020"]
[BlackElo "2022"]
[Opening "Richter-Veresov attack"]
[ECO "D01"]
[Time "17:47:28"]
[TimeControl "2700+45"]

1. d4 Nf6 2. Nc3 d5 3. Bg5 Nbd7 4. Nf3 h6 5. Bh4 e6 6. a3 Be7 7. e3 O-O 8. Be2
c5 9. dxc5 Nxc5 10. O-O Nce4 11. Nxe4 Nxe4 12. Bxe7 Qxe7 13. c4 dxc4 14. Qd4 Nf6
15. Qxc4 b6 16. Rac1 Bb7 17. Qc7 Qxc7 18. Rxc7 Rab8 19. Rfc1 Nd5 20. R7c2 Rfc8
21. Nd4 Kf8 22. Bf3 Ne7 23. Bxb7 Rxc2 24. Rxc2 Rxb7 25. Kf1 Ke8 26. Ke2 Nd5 27.
Rc8+ Kd7 28. Ra8 a5 29. g4 Rc7 30. h4 Rc8 31. Ra6 e5 32. Nf5 Rc2+ 33. Kf3 Rxb2
34. Ra8 Rb3 35. Rf8 f6 36. Rg8 g5 37. h5 Rxa3 38. Nxh6 Ne7 39. Rb8 Kc7 40. Rf8
a4 41. Rf7 Kd8 42. Rxf6 Rb3 43. Nf7+ Ke8 44. h6 Ng8 45. Nd6+ Ke7 46. Rf7+ Kxd6
47. h7 {Black resigns} 1-0

[Event "Team 45 45 League T67"]
[Site "Internet Chess Club"]
[Date "2016.01.19"]
[Round "6"]
[White "gtmorton"]
[Black "Pomberito"]
[Result "1/2-1/2"]
[WhiteElo "2080"]
[BlackElo "2033"]
[Opening "Queen's pawn"]
[ECO "A40"]
[Time "16:11:20"]
[TimeControl "2700+45"]

1. d4 e6 2. Nf3 b6 3. e3 Bb7 4. b3 f5 5. Be2 Nf6 6. O-O Be7 7. Ba3 d6 8. Nbd2
O-O 9. c4 Ne4 10. Rc1 Nd7 11. Ne1 Bg5 12. Nxe4 fxe4 13. c5 Nf6 14. Qc2 Bd5 15.
g3 Rf7 16. Ng2 h5 17. h4 Bh6 18. Nf4 Bxf4 19. exf4 Qe7 20. Rfd1 Raf8 21. Rd2 e3
22. fxe3 Ne4 23. Bxh5 Rf5 24. cxd6 cxd6 25. Bg6 Nxg3 26. Bxf5 exf5 27. Rh2 Qxe3+
28. Qf2 Ne2+ 29. Kf1 Qxf2+ 30. Kxf2 Nxc1 31. Bxc1 Rc8 32. Ba3 Rc2+ 33. Kg3 Rc3+
34. Kf2 Rf3+ 35. Ke1 Rxf4 36. Bxd6 Rxd4 37. Rd2 Re4+ 38. Kf2 Bf7 39. Bb8 Rxh4
40. Rd8+ Kh7 41. Rd7 Kg6 42. Rxa7 Rb4 43. Be5 Re4 44. Bc3 Rf4+ 45. Kg3 Rg4+ 46.
Kf2 b5 47. Rb7 Rh4 48. Kg3 Re4 49. Kf2 Rh4 50. Kg3 Rg4+ 51. Kf2 Rg2+ 52. Kxg2
Bd5+ 53. Kg3 Bxb7 54. a4 bxa4 55. bxa4 Kh6 56. Kf4 Be4 57. Bd2 g5+ 58. Kg3 Kh5
59. a5 Bb7 60. Bc1 Ba6 61. Be3 Bb5 62. Bd2 Ba6 63. Be3 Bb5 64. Bd2 {Game drawn
by mutual agreement} 1/2-1/2

[Event "Team 45 45 League T67"]
[Site "Internet Chess Club"]
[Date "2016.01.23"]
[Round "6"]
[White "PoisonPawn"]
[Black "xwang1"]
[Result "1-0"]
[WhiteElo "2200"]
[BlackElo "2058"]
[Opening "Ruy Lopez: Berlin defense"]
[ECO "C65"]
[Time "18:42:00"]
[TimeControl "2700+45"]

1. e4 e5 2. Nf3 Nc6 3. Bb5 Nf6 4. d3 d6 5. O-O Bd7 6. c3 g6 7. Re1 Bg7 8. Nbd2
O-O 9. Nf1 Nh5 10. Ng3 Nxg3 11. hxg3 f5 12. exf5 Bxf5 13. d4 exd4 14. Bxc6 bxc6
15. Nxd4 Qd7 16. Qa4 c5 17. Qc4+ Kh8 18. Nxf5 Qxf5 19. Be3 Rae8 20. Re2 h5 21.
Rae1 Kh7 22. Qa4 Qf7 23. a3 Rb8 24. Qxa7 Rb3 25. Bc1 Rb6 26. f3 Be5 27. Bg5 Rfb8
28. f4 Rxb2 29. fxe5 Rxe2 30. Rxe2 Rb1+ 31. Kh2 Qf1 32. Qxc7+ Kg8 33. Qd8+ Kh7
34. Qe7+ Kg8 35. Qe8+ Kh7 36. Qe7+ Kg8 37. g4 h4 38. Bxh4 Qxe2 39. Qe8+ Kh7 40.
Qf7+ Kh6 41. Bf6 Rh1+ 42. Kxh1 Qf1+ 43. Kh2 Qf4+ 44. Kh3 Qe3+ 45. g3 {Black
resigns} 1-0